Map: Dusk Towers

Players

MMA - Winner!

  • Race: Terran Terran

DeMusliM

  • Race: Terran Terran
  • League: Grandmaster

Event: Homestory Cup XII

VOD

Have the link to the VOD?

Description

Time

  • Played on: Dec. 19, 2015, 11:41 a.m.
  • Length: 10:43

All games in this series

Show
View Real Time Build Order
Export as new Build Order

MMA Terran - Winner!

Build Orders: Reaper Expand, Bio Tank 

Get SALT Encoding   

  12  0:00  SCV  
  13  0:12  SCV  
  14  0:16  Supply Depot  
  14  0:24  SCV  
  15  0:38  SCV  
  15  0:41  Barracks  
  16  0:43  Refinery  
  16  0:50  SCV  
  17  1:02  SCV  
  18  1:14  SCV  
  19  1:28  Reaper, Orbital Command  
  20  1:43  Command Center  
  20  1:54  SCV  
  20  2:00  Marine  
  21  2:03  Factory  
  21  2:06  SCV  
  22  2:10  Supply Depot  
  22  2:18  SCV  
  22  2:21  Barracks Reactor  
  23  2:32  SCV  
  24  2:40  Refinery  
  24  2:44  SCV  
  25  2:55  Orbital Command  
  25  2:56  SCV  
  26  2:59  Starport  
  26  3:01  Hellion x2  
  26  3:04  Marine  
  31  3:09  SCV, Supply Depot  
  32  3:21  SCV  
  32  3:22  Hellion x2  
  32  3:24  SCV  
  32  3:25  Marine  
  39  3:36  Viking  
  39  3:38  SCV x2  
  43  3:45  Supply Depot  
  43  3:50  SCV x2  
  43  3:51  Factory Tech Lab  
  43  3:52  Marine x2  
  47  4:02  SCV x2  
  44  4:11  Medivac  
  44  4:14  SCV  
  44  4:15  SCV  
  48  4:25  Siege Tank, Marine x2  
  48  4:26  SCV  
  48  4:29  SCV  
  56  4:38  SCV  
  56  4:39  Command Center  
  56  4:42  Starport Reactor  
  56  4:44  Marine x2  
  58  4:48  SCV  
  58  4:50  SCV  
  60  4:54  Supply Depot  
  60  5:00  SCV  
  60  5:02  SCV  
  62  5:14  Barracks  
  62  5:16  SCV  
  62  5:17  SCV, Barracks Tech Lab, Supply Depot  
  62  5:18  Barracks  
  63  5:28  SCV  
  63  5:29  SCV  
  63  5:31  Engineering Bay  
  63  5:33  Engineering Bay  
  65  5:38  Marine  
  65  5:41  SCV  
  63  5:45  SCV  
  63  5:46  Refinery  
  63  5:47  Stimpack, Refinery, Siege Tank  
  63  5:53  SCV, Starport Reactor  
  63  5:55  Orbital Command  
  63  5:56  Marine  
  65  6:00  SCV  
  65  6:03  Barracks  
  66  6:05  SCV  
  66  6:08  Barracks  
  66  6:09  Marine x4  
  71  6:14  Marine  
  71  6:15  Supply Depot x2  
  71  6:17  SCV  
  71  6:18  SCV  
  73  6:23  Siege Tank  
  73  6:24  Orbital Command  
  76  6:28  Terran Infantry Weapons Level 1, Terran Infantry Armor Level 1  
  76  6:32  Marine x2  
  76  6:33  Marine  
  76  6:34  Marine  
  76  6:35  Marine  
  76  6:38  Medivac  
  76  6:39  Medivac  
  85  6:42  SCV  
  85  6:44  SCV  
  87  6:48  Supply Depot  
  87  6:50  SCV  
  88  6:54  SCV  
  88  6:55  Siege Tank  
  88  6:56  SCV  
  92  7:02  SCV  
  92  7:06  SCV  
  92  7:08  SCV, Marine x4  
  99  7:14  SCV  
  102  7:18  SCV  
  102  7:20  Barracks Reactor x2, SCV  
  102  7:25  Missile Turret x2  
  102  7:26  SCV, Marine x2  
  102  7:27  Marine  
  102  7:28  Marine  
  102  7:29  Marine  
  106  7:31  SCV  
  106  7:32  SCV, Siege Tank  
  106  7:35  Medivac x2  
  115  7:39  SCV  
  116  7:44  Marine  
  116  7:45  Supply Depot  
  116  7:47  Combat Shields  
  116  7:48  Armory  
  116  7:49  Marine x3  
  120  7:52  SCV x2, Refinery x2  
  120  7:56  SCV  
  123  8:02  Supply Depot  
  123  8:05  Supply Depot x2, Marine x5  
  125  8:06  Marine  
  125  8:10  SCV x3  
  132  8:19  Marine x3  
  135  8:20  Siege Tank  
  135  8:23  Marine x3  
  140  8:29  Marine  
  140  8:30  Marine x2  
  143  8:35  Medivac x2  
  143  8:37  Marine  
  147  8:42  Marine x3  
  150  8:50  Factory  
  150  8:52  Siege Tank  
  152  8:59  Marine x6  
  152  9:00  Marine x2  
  157  9:10  Marine  
  157  9:13  Medivac  
  157  9:14  Medivac  
  157  9:17  Command Center, Marine x5  
  165  9:32  Supply Depot  
  165  9:34  Supply Depot  
  165  9:36  Siege Tank, Marine x2  
  165  9:37  Marine x2  
  165  9:38  Marine  
  173  9:52  Factory Tech Lab  
  173  9:54  Medivac, Marine x6  
  173  9:55  Marine, Medivac  
  173  9:56  Barracks  
  184  10:00  Supply Depot  
  184  10:08  Siege Tank, Marine  
  184  10:09  Marine  
  189  10:18  Barracks  
  189  10:19  Barracks  
  189  10:21  Marine x5  
Show
View Real Time Build Order
Export as new Build Order

DeMusliM Terran 

Build Orders: 1/1/1, Bio Tank, Widow Mine Drop 

Get SALT Encoding   

  12  0:00  SCV  
  13  0:13  SCV  
  14  0:17  Supply Depot  
  14  0:25  SCV  
  15  0:31  Refinery  
  15  0:38  SCV  
  16  0:44  Barracks  
  16  0:50  SCV  
  17  1:02  SCV  
  18  1:15  SCV  
  19  1:32  Supply Depot  
  19  1:33  Marine  
  19  1:34  Factory, Orbital Command  
  20  1:51  Marine  
  21  2:00  SCV  
  22  2:03  Refinery  
  22  2:09  Marine  
  22  2:12  SCV  
  24  2:19  Starport  
  24  2:21  Hellion  
  26  2:24  SCV  
  26  2:26  Supply Depot x2  
  26  2:29  Marine  
  28  2:36  SCV  
  29  2:42  Widow Mine  
  31  2:47  Marine  
  31  2:50  SCV  
  33  2:55  Medivac  
  35  3:02  SCV  
  35  3:05  Marine  
  37  3:11  Hellion  
  39  3:14  SCV  
  40  3:22  Command Center  
  40  3:26  SCV  
  41  3:32  Factory Tech Lab  
  41  3:35  Supply Depot  
  41  3:36  Barracks Reactor  
  41  3:38  SCV  
  38  4:11  SCV  
  38  4:16  Command Center  
  37  4:19  Barracks  
  37  4:20  Barracks  
  37  4:23  SCV  
  38  4:28  Marine  
  38  4:30  Viking  
  42  4:36  SCV  
  42  4:38  Orbital Command  
  45  4:46  Cyclone  
  45  4:47  Marine  
  45  4:50  SCV  
  47  4:54  Marine  
  48  5:02  SCV, Starport Reactor  
  49  5:07  Barracks Tech Lab x2, Marine  
  49  5:08  SCV  
  49  5:13  Marine  
  52  5:14  SCV  
  52  5:20  SCV  
  54  5:25  Marine  
  54  5:26  SCV  
  54  5:27  Siege Tank  
  59  5:28  Orbital Command  
  56  5:38  SCV x2  
  56  5:41  Marine x2  
  57  5:50  SCV x2  
  57  5:51  Marine x2  
  57  5:52  Combat Shields  
  57  5:53  Stimpack  
  61  6:00  SCV  
  61  6:02  SCV  
  61  6:03  SCV  
  64  6:04  Refinery x2  
  64  6:10  Siege Tank  
  67  6:12  SCV  
  67  6:14  SCV  
  69  6:19  SCV  
  69  6:20  Engineering Bay  
  69  6:21  Engineering Bay  
  69  6:24  SCV  
  71  6:26  SCV  
  71  6:31  SCV, Medivac x2  
  77  6:36  SCV  
  77  6:37  Supply Depot  
  77  6:38  Supply Depot, SCV  
  79  6:45  SCV  
  80  6:48  Terran Infantry Weapons Level 1, Terran Infantry Armor Level 1, SCV  
  80  6:51  Siege Tank  
  84  6:55  SCV  
  84  6:59  SCV  
  87  7:02  Orbital Command  
  87  7:07  Medivac  
  87  7:08  Barracks  
  88  7:10  Barracks  
  88  7:15  Marine  
  88  7:16  Marine x2  
  88  7:17  Marine  
  88  7:18  SCV x2  
  88  7:22  Factory  
  92  7:30  SCV x2  
  92  7:34  Marine x3  
  92  7:36  Siege Tank, Medivac  
  98  7:37  SCV  
  98  7:42  Medivac  
  101  7:46  Supply Depot  
  101  7:48  SCV x2  
  101  7:49  SCV, Refinery  
  101  7:51  Armory  
  104  7:52  Refinery  
  104  8:02  Barracks Reactor x2  
  104  8:04  SCV x2  
  106  8:06  SCV  
  106  8:07  Supply Depot  
  106  8:08  Supply Depot x2  
  106  8:11  Barracks Reactor, Marine  
  108  8:13  Marine x2  
  108  8:16  SCV  
  108  8:17  Missile Turret  
  108  8:18  SCV x2  
  108  8:19  Missile Turret  
  113  8:28  SCV, Marine  
  113  8:30  SCV  
  113  8:31  Marine x2  
  113  8:33  Medivac  
  119  8:35  Siege Tank  
  121  8:46  Marine  
  122  8:49  Marine x2  
  122  8:51  Marine x4  
  122  8:52  Siege Tank  
  131  8:57  Marine x2  
  130  9:04  Marine  
  130  9:07  Marine x2  
  130  9:09  Marine x4  
  134  9:15  Supply Depot x2, Marine x2  
  134  9:16  Supply Depot  
  126  9:17  Factory  
  126  9:22  Marine  
  126  9:24  Siege Tank, Marine x2  
  129  9:26  Marine  
  129  9:27  Marine x3  
  130  9:33  Marine x2  
  132  9:40  Marine  
  132  9:42  Marine  
  132  9:43  Starport  
  134  9:46  Marine  
  134  9:47  Marine  
  134  9:48  Marine x2  
  134  9:49  Marine  
  134  9:51  Marine  
  134  9:52  Marine  
  141  9:56  Siege Tank  
  143  10:04  Marine x2  
  143  10:06  Factory Tech Lab, Marine  
  145  10:07  Supply Depot, Barracks  
  145  10:10  Barracks, Marine x2  
  145  10:14  Marine  
  146  10:22  Starport Reactor  
  146  10:26  Supply Depot x2  
Tags
 
Add a new tag
Caveats
  • Supply blocks, unpowered buildings, or Contaminate may cause inaccurate times.
  • Supply counts are checked every 10 seconds.